 Dungeon Crawl Stone Soup version 0.28-a0-667-g162e43154e (webtiles) character file.

Game seed: 8454782686402463001

31861 Conn the Thaumaturge (level 13, -30/77 HPs)
             Began as an Octopode Fire Elementalist on Oct 17, 2021.
             Was an Elder of Sif Muna.
             Hit by a large rock thrown by a cyclops (33 damage)
             ... on level 11 of the Dungeon.
             The game lasted 01:24:40 (17806 turns).

Conn the Thaumaturge (Octopode Fire Elementalist)  Turns: 17806, Time: 01:24:40

Health: -30/77     AC:  5    Str:  7    XL:     13   Next: 60%
Magic:  1/36       EV: 14    Int: 23    God:    Sif Muna [****..]
Gold:   1959       SH: 13    Dex: 12    Spells: 6/32 levels left

rFire   + . .      SeeInvis +   B - +3 short sword (protect)
rCold   . . .      Faith    .   v - +3 buckler
rNeg    . . .      Spirit   .   (helmet restricted)
rPois   .          Reflect  +   K - amulet of reflection
rElec   +          Harm     .   m - ring of fire
rCorr   .          Rampage  .   A - +4 ring of slaying
Will    ++...                   J - ring of willpower
Stlth   +++++.....              f - ring of see invisible
HPRegen 0.22/turn               g - ring of protection from cold
MPRegen 0.25/turn               Q - ring of magical power
                                T - +4 ring of protection
                                (no ring)

@: about to teleport, hasted, very quick
A: almost no armour, amphibious, 8 rings, camouflage 1, gelatinous body 1,
(nimble swimmer 1), tentacles, tentacle spike 1, strong-willed 1, electricity
resistance
a: Renounce Religion, Channel Magic, Forget Spell, Divine Exegesis


You were on level 11 of the Dungeon.
You worshipped Sif Muna.
Sif Muna was greatly pleased with you.
You visited 2 branches of the dungeon, and saw 12 of its levels.
You also visited: Ossuary, Bailey and Gauntlet.

You collected 2615 gold pieces.
You spent 656 gold pieces at shops.

Inventory:

Hand Weapons
 B - a +3 short sword of protection (weapon)
 I - the +8 quarterstaff "Hydrabane" {freeze, rC++ Will-}
   (You took it off a minotaur in a Gauntlet)

   It freezes those it strikes, dealing additional cold damage.
   It can also slow down cold-blooded creatures.
   rC:        It greatly protects you from cold.
   Will:      It decreases your willpower.
Missiles
 s - 42 poisoned darts
Armour
 v - a +3 buckler (worn)
Magical Staves
 E - a staff of poison
 R - a staff of air
Jewellery
 a - an amulet of the acrobat
 f - a ring of see invisible (on tentacle)
 g - a ring of protection from cold (on tentacle)
 l - an amulet of faith
 m - a ring of fire (left tentacle)
 q - a ring of ice
 A - a +4 ring of slaying (right tentacle)
 J - a ring of willpower (on tentacle)
 K - an amulet of reflection (around mantle)
 Q - a ring of magical power (on tentacle)
 T - a +4 ring of protection (on tentacle)
Wands
 h - a wand of flame (38)
 n - a wand of charming (3)
 t - a wand of polymorph (14)
 F - a wand of acid (4)
 G - a wand of digging (4)
 H - a wand of paralysis (5)
Scrolls
 d - 3 scrolls of teleportation
 e - a scroll of vulnerability {unknown}
 o - a scroll of blinking {unknown}
 r - a scroll of amnesia
 w - 4 scrolls of enchant armour
 x - a scroll of magic mapping
 P - a scroll of brand weapon
Potions
 i - 8 potions of curing
 j - a potion of haste
 k - 4 potions of might
 p - a potion of degeneration
 u - 2 potions of flight
 z - 5 potions of attraction
 D - 4 potions of invisibility {unknown}
 L - a potion of brilliance
 M - 5 potions of cancellation {unknown}
 N - a potion of magic
 S - a potion of lignification {unknown}
Miscellaneous
 b - a lightning rod (4/4)


   Skills:
 + Level 3.2 Fighting
 + Level 5.0 Short Blades
 + Level 5.3 Dodging
 + Level 8.6 Stealth
 * Level 3.8 Shields
 + Level 0.1 Unarmed Combat
 + Level 10.0 Spellcasting
 + Level 8.6 Conjurations
 + Level 5.7 Hexes
 + Level 5.5 Translocations
 + Level 4.7 Transmutations
 + Level 9.5 Fire Magic
 + Level 0.3 Air Magic
 - Level 6.0 Invocations
 + Level 2.1 Evocations


You had 6 spell levels left.
You knew the following spells:

 Your Spells              Type           Power      Damage    Failure   Level
a - Foxfire               Conj/Fire      100%       2x1d9     1%          1
b - Conjure Flame         Conj/Fire      68%        6-21      1%          3
c - Inner Flame           Hex/Fire       63%        N/A       1%          3
d - Flame Wave            Conj/Fire      68%        3d12      1%          4
e - Scorch                Fire           100%       2d10      1%          2
f - Sticky Flame          Conj/Fire      68%        2d8       1%          4
g - Blink                 Tloc           N/A        N/A       1%          2
h - Static Discharge      Conj/Air       32%        N/A       1%          2
i - Irradiate             Conj/Tmut      21%        3d20      10%         5

Your spell library contained the following spells:

 Spells                   Type           Power      Damage    Failure   Level
 Beastly Appendage        Tmut           66%        N/A       1%          1
 Wereblood                Tmut           33%        N/A       1%          2
 Dazzling Flash           Conj/Hex       88%        N/A       1%          3
 Lesser Beckoning         Tloc           37%        N/A       1%          3
 Ignite Poison            Fire/Tmut/Pois 50%        N/A       2%          3
 Spider Form              Tmut/Pois      11%        N/A       6%          3
 Sublimation of Blood     Necr           5%         N/A       9%          2
 Manifold Assault         Tloc           37%        N/A       16%         5
 Petrify                  Tmut/Erth      22%        N/A       22%         4
 Lightning Bolt           Conj/Air       16%        1d30      24%         5
 Silence                  Hex/Air        12%        N/A       41%         5
 Agony                    Necr           11%        N/A       83%         5
 Summon Hydra             Summ           5%         N/A       100%        7
 Maxwell's Capacitive Co  Air            6%         ∞         100%        8


Dungeon Overview and Level Annotations

Branches:
Dungeon (11/15)            Temple (1/1) D:4            Lair (0/6) D:9
Ossuary (visited)          Bailey (visited)         Gauntlet (visited)
    Orc: D:9-12

Altars:
Ashenzari
Cheibriados
Dithmenos
Elyvilon
Kikubaaqudgha
Nemelex Xobeh
Sif Muna
Trog
Uskayaw
Vehumet
Xom
Yredelemnul
Zin
The Shining One

Shops:
D:2 :   D:6 (   D:10 *

Annotations:
D:9 1 transporter


Innate Abilities, Weirdness & Mutations

You cannot wear most types of armour.
You are amphibious.
You can wear up to eight rings at the same time.
Your skin changes colour to match your surroundings (Stealth+).
Your rubbery body absorbs attacks. (AC +1, EV +1)
((You are camouflaged near water. (Stealth+)))
You have tentacles for arms and can constrict up to eight enemies at once.
One of your tentacles bears a spike.
You are strong-willed. (Will+)
You are resistant to electric shocks. (rElec)


Message History

Casting: Blink (safe; 1% risk of failure)
Confirm with . or Enter, or press ? or * to list all spells.
Okay, then.
As you read the scroll of teleportation, it crumbles to dust.
You feel strangely unstable.
Casting: Blink (safe; 1% risk of failure)
Confirm with . or Enter, or press ? or * to list all spells.
Okay, then.
Casting: Blink (safe; 1% risk of failure)
Confirm with . or Enter, or press ? or * to list all spells.
Okay, then.
Casting: Blink (safe; 1% risk of failure)
Confirm with . or Enter, or press ? or * to list all spells.
Okay, then.
Okay, then.
Okay, then.
Unknown command.
Unknown command.
Okay, then.
Okay, then.
The cyclops is engulfed in blazing flames.
Casting: Blink (safe; 1% risk of failure)
Confirm with . or Enter, or press ? or * to list all spells.
Okay, then.
Okay, then.
Okay, then.
Casting: Blink (safe; 1% risk of failure)
Confirm with . or Enter, or press ? or * to list all spells.
You blink.
A cyclops comes into view.
Casting: Blink (safe; 1% risk of failure)
Confirm with . or Enter, or press ? or * to list all spells.
Okay, then.
Unknown command.
Okay, then.
Okay, then.
Casting: Blink (safe; 1% risk of failure)
Confirm with . or Enter, or press ? or * to list all spells.
You blink.
The cyclops throws a large rock.
The large rock hits you!!
You die...

#....#....#.o....#
####...(#....#......#
#.......######......#
#..........)......c.#
#..........(....B...#
#.........)..<......#
#......)............##
#..^.[.).)..###.......
#..C)@[..)..# #.......
#...)######## #..#####
#§C)†# #..#....
#.T.°######## #..#....
#...☼C§§o...# #..#....
#...°######## #..#....
#....# #..#.... #....#
#..#'###
#....##########.......


You could see 2 cyclopes and a troll.

Vanquished Creatures
  A minotaur (Gauntlet)
  A boulder beetle (D:11)
  3 two-headed ogres
  A fire crab (Gauntlet)
  3 orc knights (Bailey)
  Pikel (D:7)
  A deep elf pyromancer (D:11)
  An ugly thing (D:11)
  2 cyclopes
  A manticore (D:11)
  A gargoyle (D:8)
  2 tengu conjurers (D:11)
  A yaktaur (D:11)
  3 trolls
  A hornet (D:9)
  2 raiju (Gauntlet)
  A wyvern (D:11)
  3 shadows (Gauntlet)
  4 fire bats (Gauntlet)
  8 yaks
  4 vampire mosquitoes (D:10)
  An acid dragon (D:9)
  3 water moccasins
  15 orc warriors
  An ice beast (D:6)
  4 sky beasts
  3 black bears
  3 necrophages
  4 ogres
  3 centaurs
  The ghost of xoxolimbo the Magician, an amateur DsWz (D:3)
  3 phantoms
  2 kobold brigands (D:9)
  2 bullfrogs (D:7)
  5 scorpions
  4 water moccasin zombies (Ossuary)
  3 wyvern skeletons
  4 killer bees
  4 wights (D:10)
  2 jellies (D:6)
  A howler monkey (D:6)
  3 lava snakes (D:10)
  A bullfrog zombie (D:6)
  3 centaur zombies
  2 hounds
  A bullfrog skeleton (D:6)
  4 orc priests
  2 gnoll shamans (D:7)
  An iguana (D:7)
  Natasha (thrice) (D:3)
  9 orc wizards
  2 lightning spires (Gauntlet)
  A hound skeleton (D:4)
  2 mummies (Ossuary)
  3 howler monkey zombies
  15 gnolls
  15 adders
  2 shadow imps (D:6)
  3 white imps
  An ufetubus (D:5)
  4 adder zombies (Ossuary)
  An adder skeleton (D:4)
  4 worms
  4 dart slugs
  50 orcs
  5 bats
  11 endoplasms
  A giant cockroach (D:1)
  3 gnoll zombies (Ossuary)
  11 goblins
  13 hobgoblins
  6 jackals
  28 kobolds
  4 quokkas
  9 ball pythons
  8 frilled lizards
  5 hobgoblin zombies (Ossuary)
  3 kobold zombies (Ossuary)
  2 orc zombies (Ossuary)
  7 rats
365 creatures vanquished.

Vanquished Creatures (collateral kills)
  A boulder beetle (D:11)
  A centaur warrior (D:11)
  2 cyclopes (D:11)
  An ugly thing (D:11)
  A troll (D:11)
  An orc warrior (D:11)
  An orc wizard (D:11)
  4 orcs (D:11)
  7 foxfires (D:5)
19 creatures vanquished.

Vanquished Creatures (others)
  An orc warrior (Bailey)
  860 foxfires
  2 fungi (D:9)
  6 plants
869 creatures vanquished.

Grand Total: 1253 creatures vanquished

Notes
Turn   | Place    | Note
-------+----------+-------------------------------------------
     0 | D:1      | Conn the Octopode Fire Elementalist began the quest for the
                  | Orb.
     0 | D:1      | Reached XP level 1. HP: 11/11 MP: 3/3
   341 | D:1      | Found a faded altar of an unknown god.
   347 | D:1      | Reached XP level 2. HP: 8/17 MP: 0/5
  1142 | D:1      | Reached XP level 3. HP: 21/21 MP: 4/7
  1821 | D:2      | Reached XP level 4. HP: 27/27 MP: 3/8
  1936 | D:2      | Learned a level 3 spell: Conjure Flame
  1940 | D:2      | Learned a level 3 spell: Inner Flame
  1971 | D:2      | Reached skill level 3 in Spellcasting
  2050 | D:2      | Found Gyblel's Book Shoppe.
  2205 | D:2      | Noticed a phantom
  3033 | D:2      | Killed a phantom
  3034 | D:2      | Reached XP level 5. HP: 31/31 MP: 0/10
  3336 | D:3      | Found a runed translucent door.
  3340 | D:3      | Noticed xoxolimbo's ghost (amateur DsWz)
  3378 | D:3      | Noticed Natasha
  3387 | D:3      | Killed Natasha
  3568 | D:3      | Noticed a black bear
  3584 | D:3      | Killed a black bear
  3585 | D:3      | Reached skill level 1 in Fighting
  3585 | D:3      | Reached skill level 1 in Short Blades
  3585 | D:3      | Reached XP level 6. HP: 30/38 MP: 3/11
  4095 | D:3      | Noticed Natasha
  4102 | D:3      | Killed Natasha
  4442 | D:3      | Noticed Natasha
  4449 | D:3      | Killed Natasha
  4679 | D:4      | Reached XP level 7. HP: 42/43 MP: 9/12
  4762 | D:4      | Found a glowing silver altar of Zin.
  4838 | D:4      | Found a staircase to the Ecumenical Temple.
  4869 | Temple   | Entered the Ecumenical Temple
  4989 | Temple   | Became a worshipper of Sif Muna the Loreminder
  5116 | D:4      | Found a bloodstained altar of Trog.
  5765 | D:4      | Found a hide-covered altar of Uskayaw.
  5953 | D:5      | Entered Level 5 of the Dungeon
  5967 | D:5      | Reached skill level 4 in Spellcasting
  6161 | D:5      | Reached skill level 1 in Hexes
  6432 | D:5      | Found a sand-covered staircase.
  6453 | Ossuary  | Entered an ossuary
  6460 | Ossuary  | Reached * piety under Sif Muna
  6494 | Ossuary  | Learned a level 4 spell: Flame Wave
  6497 | Ossuary  | Learned a level 2 spell: Scorch
  6734 | Ossuary  | Reached XP level 8. HP: 36/50 MP: 8/14
  7094 | D:5      | Reached skill level 5 in Spellcasting
  7094 | D:5      | Reached skill level 5 in Fire Magic
  7165 | D:5      | Gained mutation: You expend magic power (3 MP) to
                  | strengthen your wands. [potion of mutation]
  7165 | D:5      | Gained mutation: You are partially covered in iridescent
                  | scales. (AC +2) [potion of mutation]
  7165 | D:5      | Gained mutation: You sometimes lose the ability to read
                  | scrolls when taking damage. [potion of mutation]
  7166 | D:5      | Lost mutation: You expend magic power (3 MP) to strengthen
                  | your wands. [potion of mutation]
  7166 | D:5      | Lost mutation: You are partially covered in iridescent
                  | scales. (AC +2) [potion of mutation]
  7166 | D:5      | Gained mutation: Your body sometimes deteriorates upon
                  | taking damage. [potion of mutation]
  7166 | D:5      | Gained mutation: Your mind is acute. (Int +2) [potion of
                  | mutation]
  7166 | D:5      | Gained mutation: You are somewhat resistant to further
                  | mutation. [potion of mutation]
  7167 | D:5      | Lost mutation: Your body sometimes deteriorates upon taking
                  | damage. [potion of mutation]
  7167 | D:5      | Lost mutation: Your mind is acute. (Int +2) [potion of
                  | mutation]
  7167 | D:5      | Gained mutation: You are strong-willed. (Will+) [potion of
                  | mutation]
  7551 | D:5      | Reached skill level 5 in Stealth
  7962 | D:5      | Found a glowing golden altar of the Shining One.
  8094 | D:6      | Found Zohaat's Hydra Hut.
  8095 | D:6      | Noticed a four-headed hydra
  8330 | D:6      | Reached XP level 9. HP: 49/55 MP: 6/17
  8369 | D:6      | Reached ** piety under Sif Muna
  8372 | D:6      | Noticed a cyclops
  8413 | D:6      | Killed a cyclops
  8414 | D:6      | Reached skill level 6 in Spellcasting
  8414 | D:6      | Reached skill level 5 in Conjurations
  9429 | D:6      | Reached XP level 10. HP: 62/62 MP: 12/19
  9987 | D:7      | Noticed Pikel
  9995 | D:7      | Killed Pikel
  9996 | D:7      | Reached skill level 5 in Dodging
 10282 | D:7      | Reached *** piety under Sif Muna
 10283 | D:7      | Reached skill level 7 in Spellcasting
 10757 | D:8      | Lost mutation: You sometimes lose the ability to read
                  | scrolls when taking damage. [potion of mutation]
 10757 | D:8      | Lost mutation: You are somewhat resistant to further
                  | mutation. [potion of mutation]
 10757 | D:8      | Gained mutation: One of your tentacles bears a spike.
                  | [potion of mutation]
 10757 | D:8      | Gained mutation: You are resistant to electric shocks.
                  | (rElec) [potion of mutation]
 10820 | D:8      | Found a flagged portal.
 10834 | Bailey   | Entered a bailey
 10940 | Bailey   | Learned a level 4 spell: Sticky Flame
 11167 | Bailey   | Noticed an orc knight
 11182 | Bailey   | Killed an orc knight
 11183 | Bailey   | Reached skill level 8 in Spellcasting
 11190 | Bailey   | Noticed an orc knight
 11231 | Bailey   | Noticed an orc knight
 11242 | Bailey   | Killed an orc knight
 11243 | Bailey   | Reached skill level 1 in Invocations
 11243 | Bailey   | Reached XP level 11. HP: 41/67 MP: 15/23
 11275 | Bailey   | Identified 2 scrolls of acquirement
 11275 | Bailey   | Acquired 1332 gold pieces
 11278 | Bailey   | Acquired 579 gold pieces
 11387 | Bailey   | Killed an orc knight
 11388 | Bailey   | Reached skill level 1 in Evocations
 11948 | D:8      | Reached skill level 5 in Hexes
 12041 | D:8      | Reached **** piety under Sif Muna
 12317 | D:8      | Found a shimmering altar of Xom.
 12411 | D:9      | Found a white marble altar of Elyvilon.
 12558 | D:9      | Found a staircase to the Lair.
 12911 | D:9      | Noticed a two-headed ogre
 12920 | D:9      | Killed a two-headed ogre
 13465 | D:9      | Found a sparkling altar of Nemelex Xobeh.
 13465 | D:9      | Found a transporter.
 13465 | D:9      | Noticed a deep troll earth mage
 13466 | D:9      | Noticed a centaur warrior
 13648 | D:2      | Bought a book of Spatial Translocations for 260 gold pieces
 13653 | D:2      | Learned a level 2 spell: Blink
 14152 | D:3      | Killed xoxolimbo's ghost
 14892 | D:10     | Entered Level 10 of the Dungeon
 15041 | D:10     | Found Hokiew's Assorted Antiques.
 15051 | D:10     | Reached skill level 1 in Translocations
 15054 | D:10     | Bought a knobbly smoking staff for 396 gold pieces
 15059 | D:10     | Found the +3 giant club "Skullcrusher" {speed, Str+7}
 15119 | D:10     | Noticed a two-headed ogre
 15138 | D:10     | Killed a two-headed ogre
 15139 | D:10     | Reached skill level 1 in Shields
 15139 | D:10     | Reached skill level 9 in Spellcasting
 16246 | D:11     | Noticed a brown ugly thing
 16254 | D:11     | Killed a brown ugly thing
 16255 | D:11     | Reached XP level 12. HP: 56/72 MP: 25/25
 16269 | D:11     | Noticed a two-headed ogre
 16275 | D:11     | Killed a two-headed ogre
 16386 | D:11     | Reached ***** piety under Sif Muna
 16477 | D:11     | Found a gate leading to a gauntlet.
 16486 | Gauntlet | Entered a Gauntlet
 16486 | Gauntlet | Found a transporter.
 16495 | Gauntlet | Found a transporter.
 16498 | Gauntlet | Found a transporter.
 16510 | Gauntlet | Found a transporter.
 16512 | Gauntlet | Found a transporter.
 16518 | Gauntlet | Noticed a thrashing horror
 16520 | Gauntlet | Found a transporter.
 16539 | Gauntlet | Found a transporter.
 16550 | Gauntlet | Found a transporter.
 16550 | Gauntlet | Noticed a dire elephant
 16560 | Gauntlet | Found a transporter.
 16575 | Gauntlet | Found a transporter.
 16588 | Gauntlet | Found a transporter.
 16588 | Gauntlet | Found a transporter.
 16720 | Gauntlet | Found a transporter.
 16723 | Gauntlet | Found a transporter.
 16831 | Gauntlet | Learned a level 2 spell: Static Discharge
 16831 | Gauntlet | Reached skill level 5 in Translocations
 16831 | Gauntlet | Reached XP level 13. HP: 77/77 MP: 26/26
 16838 | Gauntlet | Learned a level 5 spell: Irradiate
 16849 | Gauntlet | Reached skill level 5 in Invocations
 17211 | Gauntlet | Identified the +8 quarterstaff "Hydrabane" {freeze, rC++
                  | Will-}
 17211 | Gauntlet | Noticed a minotaur
 17234 | Gauntlet | Killed a minotaur
 17579 | Gauntlet | Identified the +6 quarterstaff "Juasedimeu" {flame, rN+
                  | Dex+2}
 17581 | Gauntlet | Identified the +7 pearl dragon scales of the Ageless Lovers
                  | {rN+ SInv}
 17758 | D:11     | HP: 1/77 [cyclops/large rock (15)]
 17759 | D:11     | Reached skill level 5 in Short Blades
 17783 | D:11     | Reached skill level 10 in Spellcasting
 17802 | D:11     | HP: 2/77 [cyclops/large rock (39)]
 17806 | D:11     | Hit by a large rock thrown by a cyclops

Illustrated notes

Levels and vault maps discovered:
D:1:      dpeg_arrival_water_temple_mockup, layout_loops_corners,
          shapermc_ecumenical_altar_pompeii, minmay_misc_feat_rows
D:2:      kennysheep_six_static_rooms, layout_loops_cross, serial_shops, shop,
          minmay_statues_item, grunt_ministairs_2, chequers_avenue,
          minmay_surrounded
D:3:      layout_loops_ring, ebering_ghost_sewer_d, st_stairs_3,
          hangedman_glass_teeth, wad_floor_pattern_untrapped, uniq_natasha
D:4:      layout_loops_ring, zin_statuary, lemuel_crystal_altar,
          lightli_temple_of_fire, minmay_temple_entry_ruins,
          mrwooster_statue_mirror
D:5:      corexii_shantytown, layout_basic, mainiacjoe_overflow_24_doors,
          nicolae_ossuary_entry_false_entrances
D:6:      minmay_clustersquares, layout_basic, minmay_fountain_box,
          doesnt_shop_hydraphobe
D:7:      layout_gridville, uniq_pikel
D:8:      layout_basic, lemuel_tele_altar, enter_bailey_4, st_stairs_12,
          grunt_decor_arrowhead
D:9:      layout_small_grid, grunt_nemelex_the_gamble,
          mainiacjoe_overflow_catwalk, dpeg_oklobed_lair, minmay_diced_spiral
D:10:     layout_roguey, nicolae_stop_n_shop_1, kennysheep_boxes
D:11:     minmay_the_grid_3x2 [minmay_the_grid_slots,
          minmay_the_grid_pillar_ring, minmay_the_grid_stretched_grid,
          minmay_the_grid_tiny_cups, minmay_the_grid_tree,
          minmay_the_grid_prize_big_room], layout_irregular_city,
          gauntlet_entry_generic, okawaru_altar_gauntlet_db
Temple:   regret_index_temple_generic_petals

Skill      XL: |  1  2  3  4  5  6  7  8  9 10 11 12 13 |
---------------+----------------------------------------+-----
Stealth        | 3 4 5 6 7 8 |  8.6
Spellcasting   | 3 4 5 6 8 9 10 | 10.0
Conjurations   | 2 3 4 5 6 8 |  8.6
Fighting       | 1 2 3 |  3.2
Short Blades   | 1 2 3 4 5 |  5.0
Fire Magic     | 4 5 6 8 9 |  9.5
Dodging        | 3 4 5 |  5.3
Hexes          | 1 3 4 5 |  5.7
Invocations    | 1 4 6 |  6.0
Evocations     | 2 |  2.1
Translocations | 2 5 |  5.5
Shields        | 2 3 |  3.8
Transmutations | 4 |  4.7
Unarmed Combat | |  0.1
Air Magic      | |  0.3

Action                   |  1- 3 |  4- 6 |  7- 9 | 10-12 | 13-15 || total
-------------------------+-------+-------+-------+-------+-------++-------
Melee: Unarmed           |     9 |       |       |       |       ||     9
       Constrict         |     4 |     6 |    19 |    11 |     2 ||    42
       Tentacles         |     2 |     4 |    14 |     8 |     3 ||    31
       Dagger            |     8 |       |       |       |       ||     8
       Short sword       |     3 |    35 |    82 |    63 |    13 ||   196
       Kick              |       |       |       |    19 |     6 ||    25
       Punch             |       |       |       |       |     1 ||     1
 Cast: Foxfire           |    52 |    99 |   187 |   173 |    16 ||   527
       Conjure Flame     |       |     1 |     5 |     2 |     2 ||    10
       Inner Flame       |       |     4 |    16 |    41 |    15 ||    76
       Scorch            |       |       |     4 |     5 |       ||     9
       Flame Wave        |       |       |     3 |    11 |     7 ||    21
       Blink             |       |       |       |    20 |     5 ||    25
       Sticky Flame      |       |       |       |     8 |       ||     8
       Static Discharge  |       |       |       |       |     5 ||     5
       Irradiate         |       |       |       |       |     2 ||     2
Invok: Channel Magic     |       |       |       |     1 |     1 ||     2
Evoke: Wand              |       |       |       |    13 |     4 ||    17
  Use: Scroll            |       |       |     8 |    15 |     8 ||    31
       Potion            |       |       |     4 |     6 |     8 ||    18
 Stab: Sleeping          |     2 |     4 |    13 |     6 |       ||    25
Armor: Skin              |     2 |     4 |    16 |     7 |     5 ||    34
Dodge: Dodged            |    27 |    39 |   141 |    49 |    14 ||   270
Block: Other             |       |       |       |     6 |       ||     6
       Buckler           |       |       |       |    22 |    17 ||    39
       Reflection        |       |       |       |       |     5 ||     5

Table legend: (Time is in decaauts)
 A = Elapsed time spent in this place.
 B = Non-inter-level travel time spent in this place.
 C = Inter-level travel time spent in this place.
 D = Time resting spent in this place.
 E = Time spent auto-exploring this place.
 F = Levels seen in this place.
 G = Mean time per level.
                   A        B        C        D        E       F      G
               +--------+--------+--------+--------+--------+-----+--------+
         Total |  17788 |  17002 |    786 |   2570 |   9447 |  15 | 1185.9 |
       Dungeon |  15241 |  14455 |    786 |   1389 |   9202 |  11 | 1385.5 |
        Temple |    161 |    161 |      0 |      0 |    104 |   1 |  161.0 |
       Ossuary |    637 |    637 |      0 |    356 |     74 |   1 |  637.0 |
        Bailey |    603 |    603 |      0 |    292 |      0 |   1 |  603.0 |
      Gauntlet |   1144 |   1144 |      0 |    533 |     67 |   1 | 1144.0 |
               +--------+--------+--------+--------+--------+-----+--------+

Top non-repeatable levels by time:
     D:9: 1838 daAuts
     D:6: 1780 daAuts
     D:3: 1779 daAuts
     D:2: 1772 daAuts
     D:5: 1599 daAuts
     D:1: 1495 daAuts
    D:10: 1343 daAuts
Gauntlet: 1144 daAuts
     D:7: 1102 daAuts
     D:8: 1075 daAuts
     D:4: 1054 daAuts
 Ossuary: 637 daAuts
  Bailey: 603 daAuts
    D:11: 400 daAuts
  Temple: 161 daAuts
